 Dungeon Crawl Stone Soup version 0.23-a0-384-g3a68796 (webtiles) character file.

196 Cryolive the Digger (level 5, -1/28 HPs)
             Began as a Gargoyle Earth Elementalist on Oct 27, 2018.
             Slain by a gnoll sergeant
             ... wielding a +0 trident of protection
              (14 damage)
             ... on level 3 of the Dungeon.
             The game lasted 00:08:59 (2392 turns).

Cryolive the Digger (Gargoyle Earth Elementalist)   Turns: 2392, Time: 00:09:01

Health: -1/28      AC:  7    Str: 12    XL:     5   Next: 74%
Magic:  1/10       EV: 12    Int: 16    God:
Gold:   78         SH:  0    Dex: 10    Spells: 2/11 levels left

rFire    . . .     SeeInvis .   o - +2 quarterstaff (chaos)
rCold    . . .     Gourm    .   (shield currently unavailable)
rNeg     + . .     Faith    .   c - +0 robe
rPois    ∞         Spirit   .   (no helmet)
rElec    +         Reflect  .   r - +0 cloak
rCorr    .         Harm     .   (no gloves)
MR       .....                  (no boots)
Stlth    ++........             (no amulet)
HPRegen  0.09/turn              (no ring)
MPRegen  0.12/turn              (no ring)

@: no status effects
A: negative energy resistance 1, electricity resistance, unbreathing,
petrification resistance, rot immunity, AC +4
a: no special abilities


You were on level 3 of the Dungeon.
You were not hungry.

You visited 1 branch of the dungeon, and saw 3 of its levels.

You collected 78 gold pieces.

Inventory:

Hand Weapons
 j - a +0 short sword
 o - a +2 quarterstaff of chaos (weapon)
 t - a +2 short sword of venom
Missiles
 b - 55 stones (quivered)
Armour
 c - a +0 robe (worn)
 k - a +2 ring mail of positive energy
 r - a +0 cloak (worn)
Scrolls
 a - 8 scrolls of identify {unknown}
 f - a scroll of random uselessness {unknown}
 g - 2 scrolls of teleportation {unknown}
 h - 2 scrolls of remove curse {unknown}
 i - 2 scrolls of blinking {unknown}
 m - a scroll of immolation {unknown}
 q - a scroll of fear {unknown}
Potions
 e - a potion of mutation {unknown}
 l - 2 potions of curing {unknown}
 n - a potion of degeneration {unknown}
 p - 2 potions of brilliance {unknown}
Comestibles
 d - 4 rations
 s - 3 chunks of flesh


   Skills:
 + Level 0.4 Fighting
 + Level 0.2 Staves
 + Level 0.1 Armour
 + Level 1.6 Dodging
 - Level 2.1 Stealth
 + Level 3.6 Spellcasting
 + Level 2.2 Conjurations
   Level 0.7 Transmutations
 + Level 5.4 Earth Magic


You had 2 spell levels left.
You knew the following spells:

 Your Spells              Type           Power        Failure   Level  Hunger
a - Sandblast             Erth           ###...       1%          1    None
b - Stone Arrow           Conj/Erth      ###...       11%         3    ###....
c - Lee's Rapid Deconstr  Erth           ###.......   47%         5    ######.

Your spell library contained the following spells:

 Spells                   Type           Power        Failure   Level  Hunger
 Passwall                 Tmut/Erth      ##......     8%          2    ##.....
 Petrify                  Tmut/Erth      ##......     45%         4    ####...


Dungeon Overview and Level Annotations

Branches:
Dungeon (3/15)

Altars:
Wu Jian
Xom


Innate Abilities, Weirdness & Mutations

You are resistant to torment.
Your stone body is resilient. (AC +4)
You are immune to poison.
You resist negative energy. (rN+)
You are resistant to electric shocks. (rElec)
You can survive without breathing.
You are immune to petrification.
You are immune to rotting.


Message History

Press: ? - help, Shift-Dir - straight line, f/p - gnoll sergeant
Aim: a gnoll sergeant, wielding a +0 trident of protection and wearing a +0 The blast of sand hits the gnoll sergeant.
The gnoll sergeant is moderately wounded.
b - 55 stones The gnoll sergeant hits you from afar with a +0 trident of protection!
Casting: Sandblast (safe; 1% risk of failure)
Confirm with . or Enter, or press ? or * to list all spells.
You don't have enough magic to cast that spell.
You hit the gnoll sergeant but do no damage.
The gnoll sergeant seems to speed up.
The gnoll sergeant is moderately wounded.
The gnoll sergeant hits you but does no damage. x2
You hit the gnoll sergeant but do no damage.
The gnoll sergeant is poisoned.
The gnoll sergeant is moderately wounded.
The gnoll sergeant closely misses you.
The gnoll sergeant hits you with a +0 trident of protection!
Ouch! That really hurt!
You die...

#..#............
.#####
##.#.....$.###
#.....
#.#............
##.....
#.#..g..gg.....
.......
#.##g#####.....
....... #.##.#
..... .......
#.##.# .g..
##.....###..#.#####
...
........@g.)......+
..g
###########...#####
##..# ..># #####


You could see a gnoll sergeant.

Vanquished Creatures
  A killer bee (shapeshifter) (D:3)
  Crazy Yiuf (D:2)
  Terence (D:2)
  A gnoll (D:3)
  4 adders
  A worm (D:2)
  3 dart slugs
  A leopard gecko (D:3)
  An orc (D:3)
  4 bats
  3 goblins
  4 hobgoblins
  4 jackals (D:2)
  7 kobolds
  2 quokkas (D:3)
  A ball python (D:2)
  A frilled lizard (D:3)
  4 rats
44 creatures vanquished.

Notes
Turn   | Place    | Note
-------+----------+-------------------------------------------
     0 | D:1      | Cryolive the Gargoyle Earth Elementalist began the quest
                  | for the Orb.
     0 | D:1      | Reached XP level 1. HP: 10/10 MP: 3/3
   387 | D:1      | Reached skill level 4 in Earth Magic
   387 | D:1      | Reached XP level 2. HP: 15/15 MP: 3/5
   882 | D:2      | Noticed Terence
   993 | D:2      | Killed Terence
   993 | D:2      | Reached XP level 3. HP: 5/19 MP: 0/7
  1004 | D:2      | Learned a level 3 spell: Stone Arrow
  1246 | D:2      | Reached XP level 4. HP: 13/24 MP: 6/8
  1757 | D:2      | Found a runed door.
  1771 | D:2      | Noticed Crazy Yiuf
  1778 | D:2      | Killed Crazy Yiuf
  1778 | D:2      | Reached skill level 1 in Conjurations
  1778 | D:2      | Reached skill level 5 in Earth Magic
  1881 | D:2      | Found an ornate altar of the Wu Jian Council.
  1926 | D:3      | Found a faded altar of an unknown god.
  1978 | D:3      | Reached XP level 5. HP: 20/28 MP: 7/10
  2029 | D:3      | Learned a level 5 spell: Lee's Rapid Deconstruction
  2033 | D:3      | Found a shimmering altar of Xom.
  2392 | D:3      | Slain by a gnoll sergeant

Vault maps used:
D:1:      saegor_arrival_miasma, grunt_decor_cap, roderic_lattice_a
D:2:      marbit_many_paths, uniq_terence, uniq_crazy_yiuf_cottage
D:3:      old_standard_altar, first_ration, chequers_ecumenical_altar_simple,
          chequers_decorated_corner

Skill      XL: |  1  2  3  4  5 |
---------------+----------------+-----
Earth Magic    | 4 5 |  5.4
Spellcasting   | 3 |  3.6
Conjurations   | 1 2 |  2.2
Fighting       | |  0.4
Staves         | |  0.2
Armour         | |  0.1
Dodging        | |  1.6
Stealth        | |  2.1
Transmutations | |  0.7

Action                   |  1- 3 |  4- 6 || total
-------------------------+-------+-------++-------
Melee: Unarmed           |    21 |       ||    21
       Short sword       |    67 |    24 ||    91
       Quarterstaff      |       |    43 ||    43
 Cast: Sandblast         |    19 |    14 ||    33
       Stone Arrow       |       |     3 ||     3
 Stab: Sleeping          |     2 |     1 ||     3
  Eat: Chunk             |     1 |     4 ||     5
Armor: Robe              |     5 |    17 ||    22
       Ring mail         |    38 |     5 ||    43
Dodge: Dodged            |    95 |    43 ||   138

Table legend:
 A = Non-vault XP
 B = Vault XP
 C = Vault XP percentage of total XP
 D = Non-vault monster count
 E = Vault monster count
 F = Vault count percentage of total count
                 A         B        C        D         E       F
            +---------+---------+-------+---------+---------+-------
      Total |     203 |      77 |  27.5 |      41 |       3 |   6.8
            +---------+---------+-------+---------+---------+-------
        D:1 |      22 |       0 |   0.0 |      11 |       0 |   0.0
        D:2 |      43 |      77 |  64.2 |      16 |       3 |  15.8
        D:3 |     138 |       0 |   0.0 |      14 |       0 |   0.0
            +---------+---------+-------+---------+---------+-------
